Map: 애씨드 플랜트 - 래더

Players

대한민국

  • Race: Protoss Protoss
  • League: Silver
  • Spawn Location: 5:00

카나리 - Winner!

  • Race: Terran Terran
  • Spawn Location: 11:00

VOD

Have the link to the VOD?

Description

Time

  • Played on: April 16, 2018, 4:56 a.m.
  • Length: 17:37
Show
View Real Time Build Order
Export as new Build Order

대한민국 Protoss 

Build Orders: 1 Gate Expand, Double Forge, Blink Stalkers 

Get SALT Encoding   

  12  0:00  Probe  
  13  0:12  Probe  
  14  0:18  Pylon  
  14  0:24  Probe  
  15  0:37  Probe (Chrono Boost)  
  15  0:39  Gateway  
  16  0:48  Probe (Chrono Boost)  
  17  0:53  Probe (Chrono Boost)  
  19  1:09  Probe  
  19  1:19  Nexus  
  19  1:22  Probe (Chrono Boost)  
  20  1:28  Assimilator  
  20  1:32  Probe (Chrono Boost)  
  21  1:41  Cybernetics Core  
  21  1:43  Probe  
  22  1:55  Probe  
  22  2:01  Assimilator  
  23  2:02  Pylon  
  23  2:14  Warp Gate (Chrono Boost)  
  23  2:20  Probe  
  24  2:28  Gateway x2  
  24  2:32  Probe  
  24  2:36  Stalker  
  27  2:38  Probe  
  27  2:46  Probe  
  27  2:50  Probe  
  30  2:58  Probe  
  30  3:02  Probe  
  31  3:05  Twilight Council  
  31  3:10  Stalker  
  33  3:14  Probe  
  33  3:16  Probe  
  35  3:22  Stalker  
  35  3:26  Probe  
  38  3:28  Probe  
  38  3:30  Stalker  
  41  3:39  Probe  
  41  3:40  Probe  
  43  3:42  Pylon  
  43  3:48  Blink (Chrono Boost)  
  43  3:49  Stalker  
  43  3:51  Probe  
  46  4:00  Probe  
  47  4:03  Probe  
  47  4:05  Assimilator  
  47  4:06  Assimilator  
  48  4:12  Probe  
  48  4:15  Probe  
  50  4:19  Pylon  
  50  4:20  Pylon  
  50  4:24  Probe  
  50  4:27  Probe  
  52  4:36  Probe  
  52  4:38  Stalker x3  
  55  4:39  Probe  
  60  4:47  Forge  
  60  4:51  Forge  
  60  4:53  Pylon  
  60  4:57  Probe x2, Pylon  
  62  5:09  Probe  
  63  5:22  Nexus, Sentry x2  
  63  5:23  Sentry  
  63  5:25  Pylon  
  69  5:39  Protoss Ground Weapons Level 1 (Chrono Boost)  
  69  5:40  Gateway  
  69  5:41  Gateway  
  69  5:42  Gateway  
  69  5:51  Stalker, Protoss Ground Armor Level 1 (Chrono Boost)  
  69  6:08  Stalker x2  
  71  6:15  Probe  
  71  6:16  Probe  
  73  6:21  Templar Archives  
  73  6:23  Robotics Facility  
  73  6:37  Pylon  
  73  6:39  Stalker x4, Pylon  
  81  6:44  Adept  
  81  6:45  Adept  
  85  6:49  Probe (Chrono Boost)  
  85  6:53  Probe (Chrono Boost)  
  88  6:54  Probe (Chrono Boost)  
  89  7:01  Probe (Chrono Boost)  
  89  7:04  Stalker  
  89  7:05  Probe (Chrono Boost), Stalker x2  
  89  7:06  Probe (Chrono Boost)  
  97  7:10  Shield Battery  
  97  7:13  Probe  
  97  7:14  Probe  
  97  7:15  Probe, Pylon  
  100  7:23  Pylon  
  100  7:24  Photon Cannon  
  100  7:25  Probe  
  100  7:27  Probe  
  100  7:28  Probe, Psionic Storm  
  102  7:33  Stalker x2  
  102  7:35  Sentry x3  
  112  7:47  Probe x2  
  112  7:51  Protoss Ground Weapons Level 2 (Chrono Boost)  
  114  7:54  Protoss Shields Level 1 (Chrono Boost)  
  114  8:02  Zealot  
  114  8:03  Zealot x3  
  122  8:06  Probe x2  
  124  8:18  Probe x2  
  118  8:43  Stalker x6  
  129  8:51  Immortal  
  85  9:22  Stalker x3  
  89  9:29  Probe  
  89  9:30  Probe  
  91  9:39  Probe  
  91  9:41  Probe  
  91  9:42  Probe  
  94  9:51  Probe  
  95  9:53  Probe  
  95  9:54  Probe  
  97  10:03  Probe  
  97  10:06  Probe  
  98  10:09  Stalker  
  98  10:10  Stalker x4  
  94  10:15  Probe  
  94  10:18  High Templar  
  95  10:24  Protoss Ground Weapons Level 3  
  95  10:32  Probe x2  
  95  10:33  Probe  
  98  10:36  Gateway  
  98  10:37  Gateway  
  98  10:39  Assimilator, Gateway  
  98  10:41  Assimilator  
  98  10:44  High Templar  
  98  10:46  Zealot  
  98  10:47  Zealot x3  
  108  11:08  Probe  
  108  11:09  Probe  
  108  11:10  Stalker x2  
  114  11:11  High Templar x2  
  114  11:12  Zealot  
  114  11:18  Photon Cannon  
  120  11:20  Photon Cannon  
  120  11:22  Photon Cannon  
  120  11:23  Photon Cannon  
  120  11:25  Shield Battery  
  120  11:28  Pylon  
  120  11:29  Photon Cannon  
  120  11:30  Pylon  
  120  11:46  Stalker x2  
  124  11:47  Stalker x3  
  130  12:15  Nexus  
  130  12:17  Observer (Chrono Boost), Pylon  
  130  12:18  Protoss Ground Armor Level 2  
  130  12:19  Pylon  
  130  12:22  Assimilator  
  131  12:27  Assimilator  
  130  12:30  Pylon  
  130  12:32  Pylon  
  130  12:42  High Templar x5  
  130  12:43  Zealot x4  
  129  13:08  Stalker x3  
  129  13:09  Stalker  
  127  13:16  Immortal  
  127  13:17  Protoss Shields Level 2 (Chrono Boost)  
  131  13:20  Stalker x2  
  131  13:24  Zealot x3  
  123  13:43  Stalker x4  
  123  13:44  Stalker x3  
  123  13:45  Zealot x2  
  127  14:19  Nexus  
  127  14:21  Pylon  
  127  14:24  Stalker x3  
  127  14:25  Stalker x4, Assimilator  
  127  14:30  Assimilator  
  141  14:36  Stalker  
  108  14:55  High Templar x5  
  108  14:56  Zealot x3  
  114  15:16  Observer  
  114  15:19  Nexus  
  114  15:21  Pylon  
  114  15:36  Observer  
  114  15:41  Probe  
  116  15:47  High Templar  
  116  15:48  High Templar x2, Zealot x2  
  126  15:52  Nexus  
  126  15:53  Probe  
  126  15:55  Stalker, Pylon  
  129  15:57  Assimilator  
  129  16:01  Assimilator  
  129  16:08  Observer  
  130  16:14  Probe  
  130  16:15  Probe  
  124  16:26  Probe  
  124  16:27  Probe  
  124  16:28  Stalker x2  
  124  16:29  Observer, Stalker x2  
  124  16:30  Stalker x2  
  124  16:31  Stalker  
  137  16:38  Probe  
  136  16:47  Stalker x2  
  136  16:53  Zealot  
  136  16:54  Zealot x4  
Show
View Real Time Build Order
Export as new Build Order

카나리 Terran - Winner!

Build Orders: Command Center First (CC) 

Get SALT Encoding   

  12  0:03  SCV  
  13  0:15  SCV  
  13  0:20  Supply Depot  
  14  0:27  SCV  
  15  0:42  SCV  
  16  0:54  SCV  
  17  1:01  Command Center  
  17  1:06  SCV  
  18  1:17  Barracks  
  18  1:19  SCV  
  19  1:31  SCV  
  20  1:38  Barracks  
  20  1:43  SCV  
  21  1:56  SCV  
  22  2:07  Marine  
  23  2:14  Orbital Command  
  24  2:15  Orbital Command  
  23  2:24  Marine x2  
  23  2:27  Refinery  
  23  2:28  Refinery  
  25  2:41  SCV  
  25  2:42  Marine x2  
  29  2:44  SCV  
  29  2:53  SCV  
  29  2:56  SCV  
  31  3:00  Marine  
  31  3:03  Supply Depot  
  31  3:04  Barracks Tech Lab  
  32  3:06  SCV  
  32  3:08  SCV  
  34  3:18  Marine  
  35  3:20  SCV x2  
  35  3:21  Bunker  
  35  3:25  Stimpack  
  35  3:26  Supply Depot  
  37  3:32  SCV x2  
  39  3:37  Factory  
  39  3:40  Marine  
  40  3:43  Barracks Reactor  
  40  3:45  SCV  
  40  3:46  SCV  
  42  3:53  Supply Depot  
  42  3:58  Engineering Bay  
  43  4:04  Marauder  
  43  4:05  SCV  
  43  4:08  SCV  
  43  4:09  Supply Depot  
  46  4:15  Supply Depot  
  46  4:18  SCV  
  46  4:20  SCV  
  46  4:21  Starport, Factory Reactor  
  46  4:23  Marine x2  
  50  4:32  SCV x2  
  52  4:39  Terran Infantry Weapons Level 1  
  52  4:43  Missile Turret  
  52  4:44  SCV, Refinery  
  53  4:46  Refinery  
  53  4:50  Barracks  
  53  4:51  Barracks  
  53  4:52  Barracks  
  53  4:56  SCV  
  54  5:01  SCV  
  55  5:07  Missile Turret  
  55  5:08  Medivac, SCV  
  55  5:10  Medivac, Missile Turret  
  60  5:14  SCV  
  60  5:20  SCV  
  62  5:23  Marine x2, Marauder  
  62  5:26  SCV  
  62  5:27  Engineering Bay  
  67  5:32  Factory Reactor  
  67  5:36  SCV  
  67  5:38  Medivac  
  67  5:39  SCV  
  67  5:41  Supply Depot  
  67  5:42  Supply Depot  
  71  5:43  Marine  
  72  5:50  Marine  
  72  5:51  SCV, Marauder  
  70  6:04  Marine  
  70  6:07  Terran Infantry Armor Level 1  
  70  6:10  Barracks Reactor  
  70  6:11  Barracks Reactor  
  70  6:12  Barracks Tech Lab, Marauder  
  70  6:15  Marine  
  73  6:18  SCV  
  73  6:20  Armory  
  73  6:21  SCV  
  73  6:22  Marine  
  75  6:34  Marauder  
  75  6:36  Marine  
  75  6:37  Command Center  
  82  6:40  Widow Mine x2  
  82  6:42  Marine  
  82  6:45  Marine  
  84  6:48  Marine  
  84  6:51  SCV  
  84  6:54  Marine, Supply Depot  
  86  6:55  Marauder  
  86  6:58  SCV, Supply Depot  
  92  7:01  Widow Mine  
  92  7:04  Marauder  
  94  7:10  Supply Depot  
  94  7:11  Supply Depot  
  94  7:16  Marine x3, Marauder  
  99  7:25  Marauder  
  99  7:28  Marine x3  
  102  7:30  Medivac x2  
  102  7:33  Marine  
  102  7:36  Terran Infantry Weapons Level 2  
  107  7:38  Marauder  
  107  7:39  SCV  
  107  7:40  SCV  
  111  7:46  Marauder  
  111  7:47  Supply Depot  
  111  7:48  Supply Depot  
  113  7:51  SCV  
  113  7:52  SCV  
  115  7:59  Marauder  
  115  8:00  Medivac x2  
  121  8:08  Marauder  
  121  8:11  Marine  
  122  8:21  Marauder  
  122  8:22  Barracks  
  122  8:23  Barracks  
  124  8:29  Marauder  
  124  8:30  Medivac x2  
  124  8:36  Marine x2  
  124  8:38  Orbital Command  
  122  8:42  Marauder  
  124  8:51  Marauder  
  126  8:59  Marine x2  
  126  9:00  Medivac x2  
  129  9:03  Marauder  
  129  9:04  Marine x2  
  129  9:08  SCV  
  129  9:09  Terran Infantry Armor Level 2  
  123  9:12  Marauder  
  122  9:19  Marine x2  
  122  9:20  SCV  
  122  9:23  Barracks Reactor  
  122  9:24  Barracks Reactor  
  121  9:25  Marauder  
  121  9:26  Marine x2  
  125  9:32  SCV  
  125  9:33  Marauder  
  128  9:41  Marine x2  
  128  9:42  Widow Mine x2  
  128  9:44  SCV  
  135  9:46  Marine x3, Marauder  
  140  9:55  Command Center, Marauder  
  142  10:03  Terran Infantry Weapons Level 3, Widow Mine  
  142  10:04  Widow Mine  
  146  10:07  Marauder  
  131  10:16  Marauder  
  131  10:20  Marine x3  
  136  10:29  Marauder  
  136  10:30  SCV  
  136  10:32  Marine x2  
  141  10:38  Marauder  
  141  10:41  Marine  
  141  10:42  SCV, Marine x2  
  147  10:46  Barracks  
  147  10:50  Marauder  
  147  10:53  Ghost Academy  
  147  10:54  SCV  
  147  10:56  Marine x2  
  147  10:57  Medivac x2  
  154  10:59  Supply Depot  
  156  11:05  Supply Depot x2  
  156  11:07  Marauder  
  156  11:08  Supply Depot  
  156  11:11  Concussive Shells  
  158  11:12  Marauder  
  160  11:23  SCV  
  161  11:26  Orbital Command  
  161  11:28  Marauder  
  161  11:30  Command Center  
  163  11:33  Marauder  
  163  11:34  Personal Cloaking  
  163  11:35  SCV  
  166  11:40  Marine  
  167  11:47  SCV  
  167  11:49  Marauder  
  170  11:54  Marauder  
  170  11:58  Marine  
  170  11:59  Marine  
  174  12:08  Command Center  
  174  12:09  Barracks Tech Lab  
  174  12:11  Marauder  
  174  12:14  Marine x2  
  178  12:16  Marauder  
  180  12:31  Ghost  
  180  12:35  Ghost  
  180  12:36  Ghost, Marine  
  180  12:37  Marine x5  
  185  12:38  Marine x3  
  195  13:01  Marauder  
  195  13:04  Combat Shields, Ghost  
  185  13:22  Marauder  
  185  13:25  Marine x2  
  185  13:26  Marine x6, Marauder  
  197  13:28  Medivac  
  166  13:43  Ghost  
  166  13:47  Marauder  
  165  13:49  Marine x3  
  165  13:50  Marine x3, Marauder  
  167  14:09  Marauder  
  160  14:11  Marauder  
  160  14:12  Marine x3, Marauder  
  160  14:13  Marine x6  
  155  14:24  Marine  
  150  14:30  Marine x4, Marauder  
  150  14:31  Marine  
  154  14:32  Marauder  
  154  14:33  Marauder  
  154  14:37  Marine x4  
  159  14:41  Marine  
  157  14:50  Marine x2  
  157  14:51  Medivac x2, Marauder  
  154  14:54  Marauder  
  154  14:55  Marauder  
  158  15:03  Marine x5  
  158  15:04  Marine x3  
  166  15:08  Marine x2  
  166  15:09  Starport  
  166  15:10  Starport  
  166  15:13  Marauder  
  170  15:15  Marauder  
  170  15:16  Marauder  
  170  15:17  Orbital Command  
  170  15:21  Medivac x2, Marine x6  
  179  15:22  Marine x2  
  179  15:26  Marine x2  
  188  15:34  Marauder  
  190  15:36  Marauder  
  190  15:38  Marine, Marauder  
  190  15:39  Marine x5  
  200  15:50  Starport Reactor x2  
  200  15:55  Refinery  
  200  15:57  Refinery  
  200  15:59  Marauder  
  198  16:08  Marine x2  
  191  17:04  Marine x3, Marauder x3  
Tags
 
Add a new tag
Caveats
  • Supply blocks, unpowered buildings, or Contaminate may cause inaccurate times.
  • Supply counts are checked every 10 seconds.